 Dungeon Crawl Stone Soup version 0.19-a0-1007-g133f65f (webtiles) character file.

202137 mistymad the Imperceptible (level 17, -5/91 HPs)
             Began as a Spriggan Assassin on July 21, 2016.
             Was an Initiate of Gozag.
             Killed from afar by an iron dragon (75 damage)
             ... with a spray of metal splinters
             ... on level 1 of the Depths.
             The game lasted 04:01:03 (42747 turns).

mistymad the Imperceptible (Spriggan Assassin)     Turns: 42747, Time: 04:01:05

Health: -5/91      AC: 11    Str: 11    XL:     17   Next: 93%
Magic:  36/36      EV: 37    Int: 12    God:    Gozag
Gold:   1872       SH: 10    Dex: 27    Spells: 6 memorised, 23 levels left

rFire  + + .     SeeInvis +     e - +9 quick blade (protect)
rCold  + + +     Gourm    +     s - +2 robe {rC+}
rNeg   . . .     Faith    .     X - +0 buckler "Loreh" {Regen+}
rPois  +         Spirit   .     d - +1 hat
rElec  .         Dismiss  .     M - +0 cloak of the Falcon {Dex+4}
rCorr  .         Reflect  .     (gloves unavailable)
SustAt +         Harm     .     (boots unavailable)
MR     ++...                    W - amulet "Majod" {Gourm rC+}
Stlth  +++++++++.               i - ring "Diohedegen" {SustAt rF+ rC+}
                                S - ring of Uskayaw's Whim {rPois rF+}

@: very quick, very resistant to hostile enchantments, incredibly stealthy
A: unfitting armour, talons 1, see invisible, herbivore 3, speed 3, slow
metabolism 2, strong 1
a: Potion Petition, Call Merchant, Bribe Branch, Renounce Religion
}: 1/15 runes: gossamer


You were on level 1 of the Depths.
You worshipped Gozag.
Gozag was most pleased with you.
You were not hungry.

You visited 7 branches of the dungeon, and saw 33 of its levels.
You also visited: Ice Cave.

You collected 13570 gold pieces.
You spent 4705 gold pieces at shops.
You paid 6993 gold pieces to Gozag.

Inventory:

Hand Weapons
 e - a +9 quick blade of protection (weapon)
 q - a +6 blowgun (quivered)
Missiles
 f - 9 curare-tipped needles
 K - 97 poisoned needles
 U - 3 needles of sleeping
Armour
 d - a +1 hat (worn)
 s - a +2 robe of cold resistance (worn)
 v - a +0 cloak of invisibility
 M - the +0 cloak of the Falcon (worn) {Dex+4}
   (You found it on level 2 of the Lair of Beasts)

   It affects your dexterity (+4).
 X - the +0 buckler "Loreh" (worn) {Regen+}
   (You acquired it on level 4 of the Lair of Beasts)

   It increases your rate of regeneration.
Jewellery
 i - the ring "Diohedegen" (right hand) {SustAt rF+ rC+}
   (You bought it in a shop on level 1 of the Lair of Beasts)

   [ring of sustain attributes]

   It sustains your strength, intelligence and dexterity.
   It protects you from fire.
   It protects you from cold.
 t - an uncursed ring of protection from fire
 D - an uncursed ring of protection from magic
 S - the ring of Uskayaw's Whim (left hand) {rPois rF+}
   (You bought it in a shop on level 1 of the Lair of Beasts)

   [ring of poison resistance]

   It protects you from fire.
   It protects you from poison.
 W - the amulet "Majod" (around neck) {Gourm rC+}
   (You bought it in a shop on level 1 of the Lair of Beasts)

   [amulet of the gourmand]

   It allows you to eat raw meat even when not hungry.
   It protects you from cold.
Wands
 B - a wand of iceblast (2/15)
 C - a wand of paralysis (8/24)
 G - a wand of confusion (16/48)
 J - a wand of iceblast (2/15)
 L - a wand of heal wounds (6/9)
 O - a wand of disintegration (7/24)
 Z - a wand of paralysis (9/24)
Scrolls
 b - a scroll of holy word
 h - 18 scrolls of remove curse
 j - 3 scrolls of magic mapping
 m - 7 scrolls of recharging
 n - 2 scrolls of enchant armour
 r - 9 scrolls of teleportation
 y - 7 scrolls of fog
 A - 9 scrolls of identify
 F - 4 scrolls of fear
 N - 3 scrolls of amnesia
 T - 3 scrolls of blinking
Potions
 c - a potion of ambrosia
 l - 15 potions of curing
 o - 3 potions of haste
 p - 5 potions of agility
 u - 3 potions of brilliance
 x - 4 potions of heal wounds
 z - a potion of magic
 E - 5 potions of flight
 H - 2 potions of resistance
 I - 5 potions of cure mutation
 R - 3 potions of might
 Y - 2 potions of cancellation
Miscellaneous
 a - 2 boxes of beasts
 w - a fan of gales
 P - a lamp of fire
Comestibles
 g - 10 bread rations
 k - 25 fruits
 V - a royal jelly


   Skills:
 - Level 11.1 Fighting
 - Level 16.8 Short Blades
 - Level 7.7 Throwing
 - Level 0.9 Armour
 - Level 16.8 Dodging
 + Level 21.0 Stealth
 - Level 8.0 Shields
 - Level 14.1 Spellcasting
 - Level 5.0 Hexes
 - Level 10.0 Charms
 - Level 7.4 Poison Magic


You had 23 spell levels left.
You knew the following spells:

 Your Spells              Type           Power        Failure   Level  Hunger
a - Mephitic Cloud        Conj/Pois/Air  ##......     10%         3    None
b - Olgreb's Toxic Radia  Pois           ####....     3%          4    ###....
c - Ozocubu's Armour      Chrm/Ice       ###.....     2%          3    None
d - Haste                 Chrm           ####....     21%         6    ######.
e - Ensorcelled Hibernat  Hex/Ice        ##....       4%          2    None
f - Confuse               Hex            ###.....     2%          3    None


Dungeon Overview and Level Annotations

Branches:
Dungeon (15/15)            Temple (1/1) D:5            Lair (6/6) D:11
  Swamp (4/4) Lair:4       Spider (4/4) Lair:3        Slime (0/5) Lair:5
    Orc (2/2) D:12            Elf (0/3) Orc:2        Vaults (0/5) D:13
 Depths (1/5) D:15

Altars:
Ashenzari
Cheibriados
Dithmenos
Elyvilon
Fedhas
Gozag
Hepliaklqana
Kikubaaqudgha
Makhleb
Nemelex Xobeh
Okawaru
Pakellas
Qazlal
Ru
Sif Muna
Trog
Uskayaw
Vehumet
Xom
Yredelemnul
Zin
The Shining One
Jiyva

Shops:
D:4 %!:   D:13 ?   Orc:2 *!=[}   Lair:1 [?=*([=   Depths:1 }*%*

Portals:
Hell: Depths:1
Abyss: Depths:1
Ziggurat: Depths:1

Annotations:
D:3 Grinder
D:11 Gruud's ghost, journeyman OgAs
Lair:1 exclusion: oklob plant
Lair:5 1 runed door
Orc:1 removeelyvilon's ghost, journeyman DsSu


Innate Abilities, Weirdness & Mutations

You are tiny and cannot use many weapons and most armour.
You have supernaturally acute eyesight. (SInv)
You are a herbivore.
You cover ground extremely quickly.
You need consume almost no food.
You have sharp toenails.
Your muscles are strong. (Str +2)


Message History

There is an open door here.
Your icy armour starts to melt.
Your icy armour evaporates.
The iron dragon is too close now for your liking.
MP restored: 36 The iron dragon roars deafeningly!
You hit the iron dragon but do no damage.
You claw the iron dragon, but do no damage.
You hear a shout!
You hit the iron dragon but do no damage.
You claw the iron dragon, but do no damage.
You hit the iron dragon but do no damage.
The iron dragon breathes metal splinters at you.
The spray of metal splinters hits you!
You take 23 damage, and have 68/91 hp.
MASSIVE DAMAGE!!
The iron dragon breathes metal splinters at you.
The spray of metal splinters hits you!
Ouch! That really hurt!
You die...
Your body crumbles into a pile of gold.

#.. # #.#############
###############.#...T..$....#
##..............#.###..T###.#
##....>...|.....#)#.......#
#..[(...........#.#.#####.#
.>................#. #.#
..................#...y.D.#
###########...#.@.#.#...#.#
#...#.#.#.#####.#
#...#.#.#.......#
#...#.#.###...###.# #
#...#.#.D.........# ##
#...#.############# .#
#............ .###
#............ ...#
#...#########


You could see an iron dragon.

Vanquished Creatures
  Arachne (Spider:3)
  A lich (D:15)
  Agnes (D:14)
  Kirke (Lair:6)
  A fire giant (D:15)
  Louise (Spider:3)
  3 emperor scorpions (Spider:4)
  A frost giant (IceCv)
  An orc warlord (Orc:2)
  3 ghost moths
  A very ugly thing (D:14)
  2 entropy weavers (Spider:2)
  A stone giant (Depths:1)
  4 spark wasps
  2 ettins (Depths:1)
  Josephine (Orc:1)
  A yaktaur captain (D:15)
  4 vault guards (D:13)
  The ghost of B1inky the Carver, a journeyman DgGl (D:12)
  A great orb of eyes (D:15)
  6 hydras
  3 rakshasas (Depths:1)
  2 ice dragons (Depths:1)
  Fannar (D:12)
  2 catoblepae
  7 alligators
  5 centaur warriors
  4 death yaks
  3 ogre magi
  A tengu warrior (D:14)
  An orc high priest (Orc:2)
  Sonja (Lair:1)
  A soul eater (Depths:1)
  The ghost of shady the Summoner, a novice TeSu of Vehumet (D:11)
  3 iron trolls (Depths:1)
  4 skeletal warriors (D:14)
  2 deep trolls (Orc:2)
  A spriggan druid (Swamp:3)
  An unseen horror (D:11)
  A flayed ghost (Depths:1)
  9 hill giants
  A wizard (Depths:1)
  A giant orange brain (Depths:1)
  A deep elf archer (D:15)
  2 swamp dragons
  2 shambling mangroves (Swamp:2)
  The ghost of mistymad the Covert, a novice SpAs of Gozag (D:8)
  18 wolf spiders
  2 orc knights (Orc:1)
  An orc sorcerer (D:15)
  20 orb spiders
  A deep elf mage (D:13)
  15 ugly things
  A manticore (D:13)
  2 moths of wrath
  4 cyclopes
  9 hornets
  3 black mambas
  A moth of wrath (shapeshifter) (Depths:1)
  3 elephants (Lair:6)
  A torpor snail (Spider:1)
  An ice statue (IceCv)
  Maurice (Orc:2)
  19 spiny frogs
  Psyche (D:11)
  3 rime drakes
  A gargoyle (D:15)
  15 demonic crawlers
  A yaktaur (D:15)
  6 komodo dragons
  16 trolls
  17 polar bears
  27 jumping spiders
  6 giant leeches
  11 two-headed ogres
  3 bog bodies
  36 slime creatures
  A boulder beetle (Lair:6)
  8 blink frogs
  A meliai zombie (D:15)
  A shadow (Swamp:2)
  87 redbacks
  15 spriggans
  4 wyverns
  60 yaks
  Eustachio (D:4)
  26 tarantellas
  7 wraiths
  A hippogriff (shapeshifter) (D:13)
  A hog (Lair:6)
  4 hungry ghosts
  9 hippogriffs
  2 vampire mosquitoes
  7 wargs
  4 insubstantial wisps
  22 swamp worms
  Edmund (D:5)
  9 water moccasins
  Duvessa (D:6)
  A soldier ant (D:12)
  31 orc warriors
  2 porcupines
  7 swamp drakes
  An ice beast (D:14)
  6 phantoms
  9 black bears
  7 sky beasts
  2 eyes of draining
  12 wasps
  A necrophage (D:12)
  9 centaurs
  33 ogres
  2 boggarts (Lair:6)
  37 wolves
  17 crocodiles
  A big kobold (D:9)
  20 giant frogs
  A wyvern zombie (D:9)
  Dowan (D:6)
  2 troll zombies (D:12)
  3 scorpions
  2 electric eels (D:8)
  4 wights (D:8)
  5 howler monkeys
  6 crimson imps
  7 hounds
  5 centaur zombies
  3 giant frog skeletons
  8 centaur skeletons
  12 orc priests
  18 orc wizards
  12 worker ants
  5 iguanas
  A killer bee zombie (D:7)
  5 sheep (Lair:6)
  4 ogre zombies (D:12)
  A hound zombie (D:8)
  A hound skeleton (D:8)
  2 worker ant zombies
  4 gnolls (D:6)
  50 river rats
  14 adders
  A howler monkey skeleton (D:5)
  7 shadow imps
  2 oozes
  2 adder zombies (D:8)
  2 adder skeletons
  4 worms
  2 dart slugs
  6 giant geckos
  85 orcs
  A ball python (D:1)
  9 bats
  7 giant cockroaches
  9 goblins
  8 hobgoblins
  9 jackals
  16 kobolds
  5 quokkas
  8 giant newts
  A goblin skeleton (D:12)
  3 goblin zombies (D:12)
  A hobgoblin skeleton (D:12)
  3 hobgoblin zombies (D:12)
  An orc skeleton (D:12)
  10 orc zombies (D:12)
  A quokka skeleton (D:6)
  A quokka zombie (D:6)
  9 rats
  A butterfly (Lair:4)
1204 creatures vanquished.

Vanquished Creatures (collateral kills)
  2 redbacks (Spider:2)
2 creatures vanquished.

Vanquished Creatures (others)
  The ghost of sergedm the Eclecticist, a journeyman DECj of Vehumet (Orc:2)
  A jumping spider (Spider:4)
  2 redbacks
  2 humans (Lair:6)
  A wolf (Lair:6)
  An orc (D:13)
  A fulminant prism (Orc:2)
  10 fungi (Lair:6)
  9 plants (Lair:6)
28 creatures vanquished.

Grand Total: 1234 creatures vanquished

Notes
Turn   | Place    | Note
-------+----------+-------------------------------------------
     0 | D:1      | mistymad the Spriggan Assassin began the quest for the Orb.
     0 | D:1      | Reached XP level 1. HP: 10/10 MP: 2/2
    28 | D:1      | Reached skill level 6 in Stealth
   451 | D:1      | Reached XP level 2. HP: 14/14 MP: 3/3
   629 | D:1      | Reached skill level 7 in Stealth
  1017 | D:2      | Reached XP level 3. HP: 18/18 MP: 4/4
  1567 | D:2      | Reached XP level 4. HP: 22/22 MP: 5/5
  1768 | D:3      | Reached skill level 8 in Stealth
  1801 | D:3      | Noticed Grinder
  1999 | D:3      | Paralysed by Grinder for 2 turns
  2291 | D:3      | Reached XP level 5. HP: 11/26 MP: 6/6
  2673 | D:4      | Found Cairabat's Book Boutique.
  2693 | D:4      | Found Pueco's Distillery.
  2808 | D:4      | Reached XP level 6. HP: 20/32 MP: 7/7
  2843 | D:4      | Noticed Eustachio
  2861 | D:4      | Killed Eustachio
  3029 | D:4      | Found Gakarof's Food Emporium.
  3175 | D:4      | Reached skill level 9 in Stealth
  3316 | D:5      | Entered Level 5 of the Dungeon
  3374 | D:5      | Reached XP level 7. HP: 26/35 MP: 8/8
  3484 | D:5      | Found a staircase to the Ecumenical Temple.
  3546 | Temple   | Entered the Ecumenical Temple
  3590 | Temple   | Became a worshipper of Gozag Ym Sagoz the Greedy
  4078 | D:5      | Reached skill level 5 in Dodging
  4282 | D:5      | Reached XP level 8. HP: 36/40 MP: 9/9
  4487 | D:6      | Noticed Edmund
  4534 | D:5      | Killed Edmund
  4534 | D:5      | Reached skill level 10 in Stealth
  4733 | D:6      | Reached skill level 1 in Shields
  4925 | D:6      | Found a shadowy altar of Dithmenos.
  4929 | D:6      | Reached skill level 5 in Short Blades
  4929 | D:6      | Reached skill level 5 in Throwing
  5113 | D:6      | Noticed Duvessa
  5113 | D:6      | Noticed Dowan
  5155 | D:6      | Killed Duvessa
  5164 | D:6      | Killed Dowan
  5541 | D:6      | Reached XP level 9. HP: 41/46 MP: 10/10
  5617 | D:7      | Reached skill level 11 in Stealth
  6029 | D:7      | Reached skill level 5 in Fighting
  6702 | D:8      | Found a sparkling altar of Nemelex Xobeh.
  6928 | D:8      | Reached XP level 10. HP: 51/51 MP: 11/11
  6989 | D:8      | Reached skill level 12 in Stealth
  7324 | D:8      | Noticed mistymad's ghost (novice SpAs)
  7894 | D:9      | Found a shattered altar of Ashenzari.
  8450 | D:8      | Reached skill level 13 in Stealth
  8462 | D:8      | Reached XP level 11. HP: 43/56 MP: 12/12
  8605 | D:8      | Noticed a death yak
  8677 | D:8      | Killed a death yak
  8869 | D:10     | Entered Level 10 of the Dungeon
  8977 | D:10     | Identified a scroll of acquirement
  9461 | D:11     | Noticed Gruud's ghost (journeyman OgAs)
  9588 | D:11     | Found a staircase to the Lair.
  9725 | D:11     | Reached skill level 10 in Dodging
  9752 | D:11     | Learned a level 3 spell: Mephitic Cloud
  9791 | D:11     | Noticed a hill giant
  9815 | D:11     | Killed a hill giant
  9868 | D:11     | Reached skill level 1 in Poison Magic
  9896 | D:11     | Reached skill level 1 in Spellcasting
 10140 | D:11     | Reached skill level 5 in Shields
 10164 | D:11     | Noticed Psyche
 10165 | D:11     | Noticed shady's ghost (novice TeSu)
 10171 | D:11     | Killed Psyche
 10231 | Lair:1   | Entered Level 1 of the Lair of Beasts
 10317 | Lair:1   | Bought the amulet "Majod" {Gourm rC+} for 572 gold pieces
 10344 | Lair:1   | Noticed Sonja
 10558 | Lair:1   | Killed Sonja
 10663 | Lair:1   | Noticed an oklob plant
 11330 | Lair:2   | Reached skill level 14 in Stealth
 11882 | Lair:2   | Got a scorched cloak
 11893 | Lair:2   | Identified the cursed +0 cloak of the Falcon {Dex+4} (You found it on level 2 of the Lair of Beasts)
 12445 | Lair:1   | Bought a scroll of acquirement for 624 gold pieces
 12516 | Lair:2   | Reached XP level 12. HP: 63/63 MP: 16/18
 12626 | Lair:3   | Noticed a catoblepas
 12633 | Lair:3   | Killed a catoblepas
 12662 | Lair:3   | Found a hole to the Spider Nest.
 12805 | Lair:3   | Got an ancient leather armour
 12841 | Lair:3   | Noticed an eight-headed hydra
 12978 | Lair:3   | Killed an eight-headed hydra
 13075 | Lair:3   | Reached skill level 5 in Spellcasting
 13712 | Lair:4   | Found a staircase to the Swamp.
 13850 | Lair:4   | Got an encrusted buckler
 13856 | Lair:4   | Identified the +0 buckler "Loreh" {Regen+} (You acquired it on level 4 of the Lair of Beasts)
 14005 | Lair:4   | Reached skill level 15 in Stealth
 14065 | Lair:4   | Reached skill level 5 in Poison Magic
 14973 | Lair:5   | Noticed an eight-headed hydra
 14976 | Lair:5   | Killed an eight-headed hydra
 15079 | Lair:5   | Found a runed door.
 15079 | Lair:5   | Found a viscous altar of Jiyva.
 15083 | Lair:5   | Found a staircase to the Slime Pits.
 15160 | Lair:6   | Entered Level 6 of the Lair of Beasts
 15380 | Lair:6   | Reached XP level 13. HP: 68/68 MP: 22/22
 16019 | Lair:6   | Noticed Kirke
 16349 | Lair:6   | Killed Kirke
 16349 | Lair:6   | Reached skill level 16 in Stealth
 17594 | Lair:1   | Bought a warped brass ring for 130 gold pieces
 17594 | Lair:1   | Bought a smoking golden ring for 130 gold pieces
 17594 | Lair:1   | Bought a scroll of identify for 52 gold pieces
 17606 | Lair:1   | Identified the ring of Uskayaw's Whim {rPois rF+} (You bought it in a shop on level 1 of the Lair of Beasts)
 17617 | Lair:1   | Identified the ring "Diohedegen" {SustAt rF+ rC+} (You bought it in a shop on level 1 of the Lair of Beasts)
 17630 | Lair:1   | Bought a scroll of acquirement for 624 gold pieces
 17702 | Lair:1   | Learned a level 4 spell: Olgreb's Toxic Radiance
 17765 | D:11     | Killed shady's ghost
 18454 | D:12     | Found a staircase to the Orcish Mines.
 18691 | D:12     | Noticed B1inky's ghost (journeyman DgGl)
 18907 | D:12     | Killed B1inky's ghost
 19130 | D:12     | Reached XP level 14. HP: 48/75 MP: 27/27
 19697 | D:13     | Found Unepots's Magic Scroll Shop.
 19944 | D:13     | Found a gate to the Vaults.
 20155 | D:13     | Learned a level 3 spell: Ozocubu's Armour
 20432 | D:13     | Reached skill level 1 in Charms
 20983 | D:14     | Noticed a cyan very ugly thing
 20989 | D:14     | Killed a cyan very ugly thing
 21007 | D:14     | Found a frozen archway.
 21021 | IceCv    | Entered an ice cave
 21203 | IceCv    | Reached skill level 17 in Stealth
 21803 | IceCv    | Noticed a frost giant
 21871 | IceCv    | Killed a frost giant
 22822 | D:14     | Reached skill level 5 in Charms
 23357 | D:14     | Reached skill level 10 in Spellcasting
 24116 | D:15     | Entered Level 15 of the Dungeon
 24332 | D:15     | Noticed Agnes
 24414 | D:14     | Killed Agnes
 24471 | D:15     | Reached XP level 15. HP: 79/79 MP: 31/31
 24593 | D:15     | Found a staircase to the Depths.
 25241 | D:8      | Killed mistymad's ghost
 25357 | Lair:1   | Bought a glowing blowgun for 82 gold pieces
 25364 | Lair:1   | Bought a runed quick blade for 495 gold pieces
 25425 | Orc:1    | Entered Level 1 of the Orcish Mines
 25425 | Orc:1    | Noticed Josephine
 25427 | Orc:1    | Noticed Fannar
 25786 | D:12     | Killed Fannar
 25847 | Orc:1    | Killed Josephine
 25958 | Orc:1    | Noticed removeelyvilon's ghost (journeyman DsSu)
 26236 | Swamp:1  | Entered Level 1 of the Swamp
 26867 | Swamp:1  | Learned a level 6 spell: Haste
 26995 | Swamp:1  | Reached skill level 10 in Charms
 27882 | Swamp:2  | Reached skill level 10 in Fighting
 27971 | Swamp:2  | Reached skill level 15 in Dodging
 28922 | Spider:1 | Entered Level 1 of the Spider Nest
 29190 | D:4      | Bought a manual of Short Blades for 1104 gold pieces
 29191 | D:4      | Gained mutation: Your muscles are strong. (Str +2) [potion of mutation]
 29191 | D:4      | Gained mutation: You have sharp toenails. [potion of mutation]
 29507 | D:13     | Reached skill level 10 in Short Blades
 30351 | Orc:2    | Entered Level 2 of the Orcish Mines
 30373 | Orc:2    | Noticed an orc warlord
 30406 | Orc:2    | Noticed Maurice
 30577 | Orc:2    | Killed Maurice
 30615 | Orc:2    | Killed an orc warlord
 30617 | Orc:2    | Reached XP level 16. HP: 61/85 MP: 9/34
 30688 | Orc:2    | Found Iptied's Distillery.
 30693 | Orc:2    | Found Coplupne's Antique Armour Shoppe.
 30699 | Orc:2    | Found Gonuelim's Assorted Antiques.
 30705 | Orc:2    | Found Asismot's Jewellery Emporium.
 30730 | Orc:2    | Bought an ancient robe for 193 gold pieces
 30739 | Orc:2    | Bought a shiny buckler for 85 gold pieces
 30744 | Orc:2    | Identified the +0 robe of Hysteria {Str+4} (You bought it in a shop on level 2 of the Orcish Mines)
 30973 | Orc:2    | Found Vontoo's Gadget Boutique.
 31065 | Orc:2    | Found a staircase to the Elven Halls.
 31073 | Orc:2    | Noticed sergedm's ghost (journeyman DECj)
 31106 | Orc:2    | Killed sergedm's ghost
 31336 | Orc:2    | Bought a scroll of enchant weapon for 255 gold pieces
 31654 | D:15     | Found an oddly glowing altar of Pakellas.
 32408 | Depths:1 | Entered Level 1 of the Depths
 32420 | Depths:1 | Found a magical portal.
 32435 | Depths:1 | Noticed a lich
 33062 | Spider:1 | You fall through a shaft!
 33487 | Spider:2 | Reached skill level 18 in Stealth
 35805 | Spider:3 | Noticed Louise
 35812 | Spider:3 | Killed Louise
 35864 | Spider:3 | Reached skill level 19 in Stealth
 36101 | Spider:3 | Noticed Arachne
 36106 | Spider:3 | Killed Arachne
 36407 | Spider:4 | Entered Level 4 of the Spider Nest
 36694 | Spider:4 | Reached XP level 17. HP: 69/90 MP: 29/36
 36963 | Spider:4 | Reached skill level 15 in Short Blades
 38538 | Spider:4 | Got a gossamer rune of Zot
 40635 | Swamp:4  | Entered Level 4 of the Swamp
 40691 | Swamp:4  | Reached skill level 20 in Stealth
 40895 | Lair:1   | Bought a +0 cloak of invisibility for 149 gold pieces
 40909 | Lair:1   | Learned a level 2 spell: Ensorcelled Hibernation
 41091 | D:15     | Killed a lich
 41091 | D:15     | Reached skill level 1 in Hexes
 41291 | Lair:1   | Learned a level 3 spell: Confuse
 41614 | Depths:1 | Found Yguzyu's Food Emporium.
 41614 | Depths:1 | Found Hiekinti's Assorted Antiques.
 41615 | Depths:1 | Found Ygel Xyb Quf's Gadget Shoppe.
 41619 | Depths:1 | Found Teucw's Assorted Antiques.
 41622 | Depths:1 | Bought a scroll of enchant weapon for 210 gold pieces
 41993 | Depths:1 | Found a one-way gate to the infinite horrors of the Abyss.
 42310 | Depths:1 | Found a gateway to Hell.
 42449 | Depths:1 | Found a gateway to a ziggurat.
 42486 | Depths:1 | Reached skill level 5 in Hexes
 42659 | Depths:1 | Reached skill level 21 in Stealth
 42747 | Depths:1 | Killed from afar by an iron dragon

Vault maps used:
D:1:      enne_arrival_octagon_isle
D:2:      kennysheep_big_flooded_room
D:3:      first_bread, minmay_fountain_box, uniq_grinder
D:4:      serial_shops, shop, nicolae_shop_statue_plus, shop, uniq_eustachio
D:5:      kennysheep_generic_room_16, uniq_pikel
D:6:      corexii_shack_village, nicolae_dithmenos_shadow_blocks, uniq_edmund,
          uniq_duvessa
D:8:      argonaut_augean_stables, serial_glass, glass_columns_a,
          glass_columns_b, glass_columns_a, glass_columns_a,
          nemelex_dance_club_becter
D:9:      overflow_temple_1_default
D:11:     erik_lair_orcish_takeover, uniq_psyche
D:12:     zombieorc1_lemuel
D:13:     lightli_vaults_fourway_checkpoint, serial_shops, shop_coins
D:14:     portal_ice_cave_rime
D:15:     hangedman_depths_entry_civil_slaughter,
          hangedman_decor_clover_reticule, spider_trap, grunt_pakellas_salt,
          uniq_agnes
Temple:   kilobyte_greek_temple
Lair:1:   minmay_lair_oklob_bushes, uniq_sonja
Lair:2:   serial_forest, infiniplex_forest_straight_4,
          infiniplex_forest_corner_1, infiniplex_forest_clump_long,
          infiniplex_forest_straight_3, infiniplex_forest_corner_2,
          infiniplex_forest_lined_room_3, infiniplex_forest_3_way,
          bh_autumn_forest_stairs
Lair:3:   spider_nest_entry_rubble, grunt_megastairs_3, serial_bayou_shore_a,
          lemuel_fruit_fields
Lair:4:   minmay_swamp_entry_worms, grunt_forest_large_clearing_hut,
          infiniplex_staircase_pool_2
Lair:5:   slime_altar_2
Lair:6:   minmay_lair_end_enchanted_forest, minmay_stone_trees_medium,
          uniq_kirke
Swamp:1:  evilmike_swamp_ruin_house_4, swamp_pool4,
          nicolae_swamp_round_clearing, nicolae_swamp_dense_foliage
Swamp:2:  evilmike_swamp_ruin_house_1, swamp_pool2, cheibrodos_swamp_slimy
Swamp:3:  evilmike_swamp_ruin_house_2, infiniplex_staircase_pool
Swamp:4:  swamp_vile, swamp_pool5
Spider:1: spider_trap, nicolae_spider_webs_and_nodes, nicolae_spider_shape
Spider:3: uniq_louise, uniq_arachne
Spider:4: guppyfry_spider_rune
Orc:1:    enter_bailey_2, uniq_josephine, uniq_fannar
Orc:2:    st_orc_open, serial_shops, shop_fountains, uniq_maurice
Depths:1: ziggurat_fallback, dk_noncrumbling_3, hell_entry,
          lightli_enter_wizlab_magi_temple, abyss_entry_crystal,
          minmay_misc_feat_alley, minmay_liquid_box,
          minmay_guarded_unrand_robustness, minmay_shoptagon, uniq_jorgrun
IceCv:    ice_cave_small_giant

Skill      XL: |  1  2  3  4  5  6  7  8  9 10 11 12 13 14 15 16 17 |
---------------+----------------------------------------------------+-----
Stealth        | 6 7 8 9 10 11 13 14 15 16 17 19 21 | 21.0
Throwing       | 3 4 5 6 7 |  7.7
Dodging        | 2 3 4 5 6 8 9 10 12 13 14 15 16 | 16.8
Fighting       | 2 3 4 5 6 7 8 9 10 11 | 11.1
Short Blades   | 3 4 5 6 7 8 11 14 16 | 16.8
Shields        | 2 3 4 5 6 7 8 |  8.0
Poison Magic   | 3 5 6 7 |  7.4
Spellcasting   | 3 5 8 11 13 14 | 14.1
Charms         | 8 10 | 10.0
Hexes          | 5 |  5.0
Armour         | |  0.9

Action                   |  1- 3 |  4- 6 |  7- 9 | 10-12 | 13-15 | 16-18 || total
-------------------------+-------+-------+-------+-------+-------+-------++-------
Melee: Dagger            |   126 |    74 |   426 |   255 |     6 |       ||   887
       Quick blade       |       |       |       |   650 |  3601 |  1989 ||  6240
       Kick              |       |       |       |       |   116 |   978 ||  1094
 Fire: Blowgun           |     4 |    49 |    92 |    99 |   151 |    30 ||   425
 Cast: Mephitic Cloud    |       |       |       |       |    12 |   117 ||   129
       Olgreb's Toxic Ra |       |       |       |       |    15 |     6 ||    21
       Ozocubu's Armour  |       |       |       |       |     8 |    22 ||    30
       Haste             |       |       |       |       |       |     1 ||     1
Invok: Call Merchant     |       |       |       |     2 |     3 |     2 ||     7
 Abil: Evoke Flight      |       |       |       |     1 |       |       ||     1
Evoke: Wand              |       |       |       |       |    22 |     3 ||    25
       Lamp of fire      |       |       |       |       |     1 |       ||     1
  Use: Scroll            |     3 |     3 |    17 |    10 |    11 |     9 ||    53
       Potion            |     1 |       |       |       |     2 |     3 ||     6
 Stab: Sleeping          |    11 |    14 |    30 |    76 |    91 |    51 ||   273
       Confused          |       |     2 |     1 |     2 |    19 |   109 ||   133
       Distracted        |       |       |     2 |     8 |    35 |    27 ||    72
       Invisible         |       |       |       |       |    13 |     3 ||    16
       Petrifying        |       |       |       |       |     1 |       ||     1
       Petrified         |       |       |       |       |     1 |       ||     1
       Held in net/web   |       |       |       |       |       |     1 ||     1
  Eat: Bread ration      |       |       |     1 |     2 |     3 |     2 ||     8
       Pizza             |       |       |       |       |     3 |     1 ||     4
Armor: Robe              |    15 |     9 |    12 |    15 |    54 |    61 ||   166
Dodge: Dodged            |    85 |    43 |   303 |   334 |  1112 |   826 ||  2703
Block: Buckler           |       |       |       |    35 |   574 |   380 ||   989
